 Dungeon Crawl Stone Soup version 0.31-a0-1206-g41278d8d1d (webtiles) character file.

Game seed: 8395455172947870069

149 jasper the Stinger (level 5, -5/35 HPs)
             Began as a Demonspawn Venom Mage on Dec 13, 2023.
             Was a High Priest of Ignis.
             Slain by an ogre
             ... wielding a +0 giant spiked club
              (13 damage)
             ... on level 4 of the Dungeon.
             The game lasted 00:04:29 (3153 turns).

jasper the Stinger (Demonspawn Venom Mage)          Turns: 3153, Time: 00:04:30

Health: -5/35      AC:  2    Str:  8    XL:     5   Next: 9%
Magic:  5/8        EV: 12    Int: 17    God:    Ignis [*****.]
Gold:   165        SH:  0    Dex: 14    Spells: 2/8 levels left

rFire   + . .        l - +0 dagger (drain)
rCold   . . .        (no shield)
rNeg    . . .        a - +0 robe
rPois   +            (no helmet)
rElec   .            (no cloak)
rCorr   .            (no gloves)
SInv    .            (no boots)
Will    .....        (no amulet)
Stlth   ++           p - ring of poison resistance
HPRegen 0.25/turn    (no ring)
MPRegen 0.11/turn

%: no passive effects
@: no status effects
A: powered by death 1, spiny 1
a: Renounce Religion, Fiery Armour, Foxfire Swarm, Rising Flame


You were on level 4 of the Dungeon.
You worshipped Ignis.
Ignis was extremely pleased with you.
You visited 1 branch of the dungeon, and saw 4 of its levels.

You collected 165 gold pieces.

Inventory:

Hand Weapons
 d - a +0 sling
 e - a +0 short sword
 k - a +1 spear
 l - a +0 dagger of draining (weapon)
 n - a +0 quarterstaff
Missiles
 g - 18 stones
 i - 6 javelins
Armour
 a - a +0 robe (worn)
 f - a +0 leather armour
 u - a +0 pair of gloves
Jewellery
 p - a ring of poison resistance (left hand)
Scrolls
 h - a scroll of blinking {unknown}
 j - 5 scrolls of teleportation
 o - a scroll of revelation
 s - a scroll of brand weapon {unknown}
 t - a scroll of poison {unknown}
Potions
 b - a potion of magic
 c - 4 potions of heal wounds {unknown}
 m - a potion of resistance {unknown}
 q - 2 potions of degeneration {unknown}
 r - a potion of mutation {unknown}


   Skills:
 - Level 1.7 Dodging
 - Level 1.7 Stealth
 - Level 2.0 Spellcasting
 - Level 0.8 Transmutations
 + Level 5.8 Poison Magic


You had 2 spell levels left.
You knew the following spells:

 Your Spells              Type           Power      Damage    Failure   Level
a - Sting                 Tmut/Pois      52%        1d5       4%          1
b - Poisonous Vapours     Pois/Air       22%        N/A       9%          2
c - Mephitic Cloud        Conj/Pois/Air  8%         N/A       26%         3

Your spell library contained the following spells:

 Spells                   Type           Power      Damage    Failure   Level
 Olgreb's Toxic Radiance  Pois           21%        N/A       17%         4


Dungeon Overview and Level Annotations

Branches:
Dungeon (4/15)
 Temple: D:4-7

Altars:
Cheibriados
Ignis

Annotations:
D:4 1 runed translucent door, jasper's ghost, amateur TrBe


Innate Abilities, Weirdness & Mutations

You regenerate a little health from kills.
You are partially covered in sharp spines.


Message History

Found a pair of gloves.
Health restored: 35; MP restored: 8 An ogre comes into view.
It is wielding a +0 giant spiked club.
The ogre shouts!
The ogre moves out of view.
You see here a +0 pair of gloves.
u - a +0 pair of gloves
Aiming: Sting (safe; 4% risk of failure)
Press: ? - help, Q - select action, (/) - cycle Shift-Dir - straight line, f - ogre
Aim: an ogre, wielding a +0 giant spiked club (86% to hit)
The sting hits the ogre.
The ogre is poisoned.
The ogre is lightly wounded.
You now have 7/8 mp.
You aren't carrying any items that you can evoke.
Okay, then.
Aiming: Sting (safe; 4% risk of failure)
Press: ? - help, Q - select action, (/) - cycle Shift-Dir - straight line, f/p - ogre
Aim: an ogre, wielding a +0 giant spiked club (lightly wounded, poisoned, 86% to hit)
The sting hits the ogre but does no damage.
The ogre looks even sicker.
The ogre is lightly wounded.
You now have 6/8 mp.
Aiming: Sting (safe; 4% risk of failure)
Press: ? - help, Q - select action, (/) - cycle Shift-Dir - straight line, f/p - ogre
Aim: an ogre, wielding a +0 giant spiked club (lightly wounded, very poisoned, 86% to hit)
The sting hits the ogre.
The ogre looks even sicker.
The ogre is moderately wounded.
The ogre is struck by your spines.
The ogre hits you with a +0 giant spiked club!!
Ouch! That really hurt!
* * * LOW HITPOINT WARNING * * *
You take 28 damage, and have 7/35 hp.
MASSIVE DAMAGE!!
You now have 5/8 mp.
Okay, then.
Okay, then.
You hit the ogre. You drain the ogre.
The ogre is severely wounded.
You hit the ogre. You drain the ogre.
The ogre is almost dead.
The ogre hits you with a +0 giant spiked club!
You die...

#### #..### #### ####
#....#
#..#####..###...###
#.@..#.....##......
#.O..###...#.......
##...###......####.
#.........###.# ###
#......#..†.###..###..
#....####.####....##..
..##.. ..... ##.###...
. ....
......##...##... #....
....#....####...


You could see an ogre (very poisoned, very drained).

Vanquished Creatures
  A scorpion (D:4)
  A gnoll (D:3)
  2 adders (D:3)
  A worm (D:2)
  A dart slug (D:3)
  An orc (D:3)
  6 endoplasms
  2 giant cockroaches (D:2)
  5 goblins
  5 hobgoblins
  3 jackals (D:1)
  6 kobolds
  2 quokkas (D:3)
  3 ball pythons
  5 bats
  3 frilled lizards
  5 rats
52 creatures vanquished.

Notes
Turn   | Place    | Note
-------+----------+-------------------------------------------
     0 | D:1      | jasper the Demonspawn Venom Mage began the quest for the
                  | Orb.
     0 | D:1      | Reached XP level 1. HP: 13/13 MP: 3/3
   413 | D:1      | Gained mutation: You are partially covered in sharp spines.
                  | [demonic ancestry]
   413 | D:1      | Reached XP level 2. HP: 17/19 MP: 1/5
  1328 | D:2      | Learned a level 2 spell: Poisonous Vapours
  1390 | D:2      | Reached skill level 4 in Poison Magic
  1664 | D:2      | You fall into a shaft and drop 1 floor!
  1673 | D:3      | Found a faded altar of an unknown god.
  1676 | D:3      | Found a snail-covered altar of Cheibriados.
  1680 | D:3      | Gained mutation: You regenerate a little health from kills.
                  | [demonic ancestry]
  1680 | D:3      | Reached XP level 3. HP: 24/24 MP: 4/6
  2403 | D:3      | Learned a level 3 spell: Mephitic Cloud
  2521 | D:3      | Reached XP level 4. HP: 30/30 MP: 4/7
  2589 | D:3      | Reached skill level 5 in Poison Magic
  2663 | D:3      | Found a faded altar of an unknown god.
  2668 | D:3      | Prayed at the altar of an unknown god.
  2668 | D:3      | Became a worshipper of Ignis, the Dying Flame
  2976 | D:4      | Found a runed translucent door.
  2978 | D:4      | Noticed jasper's ghost (amateur TrBe)
  3066 | D:4      | Noticed a scorpion
  3073 | D:4      | Killed a scorpion
  3074 | D:4      | Reached XP level 5. HP: 27/35 MP: 0/8
  3145 | D:4      | Noticed an ogre
  3153 | D:4      | Slain by an ogre

Illustrated notes

Levels and vault maps discovered:
D:1:      kennysheep_arrival_forest, layout_basic, serial_bayou,
          serial_bayou_shore_a, serial_bayou_pond_c, serial_bayou_shore_b,
          serial_bayou_pond_e
D:2:      layout_rooms, nicolae_concentric_dashed_squares_wild
D:3:      layout_rooms, nicolae_overflow_ecumenical_swirl,
          ebering_ecumenical_altar_hall, minmay_between
D:4:      layout_cave_pools, hellmonk_ghost_happy_afterlife, uniq_robin

Skill      XL: |  1  2  3  4 |
---------------+-------------+-----
Poison Magic   | 4 5 |  5.8
Dodging        | |  1.7
Stealth        | |  1.7
Spellcasting   | |  2.0
Transmutations | |  0.8

Action                     |  1- 3 |  4- 6 || total
---------------------------+-------+-------++-------
  Melee: Unarmed           |     4 |       ||     4
         Dagger            |    14 |     7 ||    21
         Short sword       |     1 |       ||     1
   Cast: Sting             |    65 |    17 ||    82
         Poisonous Vapours |     9 |     2 ||    11
    Use: Scroll            |     6 |       ||     6
 Armour: Robe              |    15 |     5 ||    20
  Dodge: Dodged            |    21 |     2 ||    23

Table legend: (Time is in decaauts)
 A = Elapsed time spent in this place.
 B = Non-inter-level travel time spent in this place.
 C = Inter-level travel time spent in this place.
 D = Time resting spent in this place.
 E = Time spent auto-exploring this place.
 F = Levels seen in this place.
 G = Mean time per level.
                   A        B        C        D        E       F      G
               +--------+--------+--------+--------+--------+-----+--------+
         Total |   3174 |   3089 |     85 |    137 |   2529 |   4 |  793.5 |
       Dungeon |   3174 |   3089 |     85 |    137 |   2529 |   4 |  793.5 |
               +--------+--------+--------+--------+--------+-----+--------+

Top non-repeatable levels by time:
     D:1: 1324 daAuts
     D:3: 850 daAuts
     D:2: 768 daAuts
     D:4: 230 daAuts
